cohdb
Replays
Latest Replays
All Replays
Popular Replays
Top Player Replays
Match Explorer
How It Works
Community
CoH3 Stats
Reddit
Sign in to upload your games and track your stats! →
Sign in with Steam
Match 41103876
Unlisted
Match 41103876
Overview
Messages
Build Orders
End
Construct Barracks
Selects Heavy Weapons
Riflemen Squad
Riflemen Squad
Construct Weapon Support Center
M1919 Machine Gun Team
M1919 Machine Gun Team
Selects M2HB .50cal Heavy Machine Gun
Bazooka Squad
Bazooka Squad
Air Support Center
Selects Assault Carriers
Grasshopper Recon Run
M3 Assault Carrier
P-47 Strafing Run
Improved M9 Bazooka Rockets
Double Sortie
Grasshopper Recon Run
Bazooka Squad
Grenade Package
Engineer Squad
Grasshopper Recon Run
P-47 Dive Bomb
Selects Halftrack Strongpoints
P-47 Strafing Run
Forward Retreat Point
Construct Tank Depot
Grasshopper Recon Run
P-47 Dive Bomb
P-47 Strafing Run
M4A1 Sherman Medium Tank
P-47 Dive Bomb
P-47 Strafing Run
P-47 Dive Bomb
M4A1 Sherman Medium Tank
P-47 Strafing Run
Grasshopper Recon Run
M18 Hellcat Tank Destroyer
GoupiL ☮
MrLoser ★
Maksous
UH|dun! ツ
iceman
Nephilim G.Z.
0
0
Comments
sign in to comment!
No comments posted yet!